 Dungeon Crawl Stone Soup version 0.30-a0-956-gcec3b41aec (webtiles) character file.

Game seed: 1427008619172982324

60 IdlyInterested the Trooper (level 3, 0/43 HPs)
             Began as a Demonspawn Fighter on Mar 29, 2023.
             Succumbed to a goblin's poison
             ... on level 2 of the Dungeon.
             The game lasted 00:03:51 (1490 turns).

IdlyInterested the Trooper (Demonspawn Fighter)     Turns: 1490, Time: 00:03:51

Health: 0/43       AC:  8    Str: 18    XL:     3   Next: 82%
Magic:  3/3        EV:  9    Int:  9    God:
Gold:   82         SH:  4    Dex: 12    Spells: 2/2 levels left

rFire   . . .      SeeInvis .    a - +0 flail
rCold   . . .      Faith    .    c - +0 buckler
rNeg    . . .      Spirit   .    b - +0 scale mail
rPois   .          Reflect  .    (helmet restricted)
rElec   .          Rampage  .    (no cloak)
rCorr   .                        (no gloves)
Will    .....                    (no boots) Stlth
                                 (no amulet)
HPRegen 0.27/turn                (no ring)
MPRegen 0.08/turn                (no ring)

@: berserking, lethally poisoned (0 -> -13), very quick
A: antennae 1, thin metallic scales 1
a: no special abilities


You were on level 2 of the Dungeon.
You visited 1 branch of the dungeon, and saw 2 of its levels.

You collected 108 gold pieces.
You spent 26 gold pieces at shops.

Inventory:

Hand Weapons
 a - a +0 flail (weapon)
Missiles
 f - 16 stones (quivered)
Armour
 b - a +0 scale mail (worn)
 c - a +0 buckler (worn)
Scrolls
 h - 3 scrolls of enchant weapon {unknown}
 j - a scroll of enchant armour {unknown}
 k - a scroll of noise {unknown}
Potions
 d - a potion of might
 e - 2 potions of flight
 g - 2 potions of curing
 l - a potion of brilliance {unknown}


   Skills:
 + Level 3.4 Fighting
 * Level 2.7 Maces & Flails
 * Level 3.4 Armour
 - Level 2.6 Shields


You had 2 spell levels left.
You didn't know any spells.
Your spell library contained the following spells:

 Spells                   Type           Power      Damage    Failure   Level
 Cigotuvi's Dreadful Rot  Necr/Pois/Air  0%         N/A       94%         2
 Poisonous Vapours        Pois/Air       0%         N/A       94%         2
 Mephitic Cloud           Conj/Pois/Air  0%         N/A       99%         3


Dungeon Overview and Level Annotations

Branches:
Dungeon (2/15)

Altars:

Shops:
D:1 *

Annotations:
D:2 Robin


Innate Abilities, Weirdness & Mutations

You have a pair of small antennae on your head.
You are partially covered in thin metallic scales. (AC +2)


Message History

You barely miss the goblin.
The goblin is severely wounded.
The goblin hits you but does no damage. You block the goblin's attack.
You hit the goblin but do no damage.
The goblin is severely wounded.
The goblin barely misses you. The goblin closely misses you.
You sock the goblin!
You kill the goblin!
The goblin hits you with a +1 dagger of venom.
You are poisoned.
Okay, then.
You miss the goblin.
You feel very sick. The hobgoblin hits you. The goblin completely misses you.
The hobgoblin hits you. The goblin barely misses you.
You closely miss the goblin.
You feel sick. You block the hobgoblin's attack.
The goblin hits you but does no damage.
You are more poisoned.
A red film seems to cover your vision as you go berserk!
You feel yourself moving faster!
You feel mighty!
You feel very sick.
The hobgoblin hits you but does no damage.
The goblin hits you with a +1 dagger of venom.
You are lethally poisoned!
You sock the goblin!
You kill the goblin!
* * * LOW HITPOINT WARNING * * *
You feel very sick. The hobgoblin barely misses you.
Robin throws the goblin at you!
You barely miss the goblin.
* * * LOW HITPOINT WARNING * * *
You feel very sick.
The goblin no longer looks unusually strong.
The hobgoblin hits you.
* * * LOW HITPOINT WARNING * * *
The goblin barely misses you.
You are too berserk!
You sock the goblin!
You kill the goblin!
You die...

#...# # #...# #
####### #...#
#...... #...#
#...... ##.##
#...... #.# #......
#.#
.#####......######.#
....<.........gg@).#
###............#####
#.g..####....#
#g.g.# #....# #ggg..
.....gg
#...g.......g..
#ggg...........#
#.g............#
.......######


You could see Robin and a hobgoblin (strong).

Vanquished Creatures
  6 endoplasms
  3 giant cockroaches (D:2)
  16 goblins
  5 hobgoblins
  3 quokkas
  4 ball pythons
  6 bats
  2 frilled lizards (D:1)
  4 kobolds (D:1)
  5 rats
54 creatures vanquished.

Notes
Turn   | Place    | Note
-------+----------+-------------------------------------------
     0 | D:1      | IdlyInterested the Demonspawn Fighter began the quest for
                  | the Orb.
     0 | D:1      | Reached XP level 1. HP: 18/18 MP: 1/1
    84 | D:1      | Gained mutation: You are partially covered in thin metallic
                  | scales. (AC +2) [demonic ancestry]
    84 | D:1      | Reached XP level 2. HP: 24/24 MP: 2/2
   367 | D:1      | Found Efucsaer's General Store.
   898 | D:1      | Bought a scroll of identify for 26 gold pieces
   977 | D:2      | Noticed Robin
  1032 | D:2      | Gained mutation: You have a pair of small antennae on your
                  | head. [demonic ancestry]
  1032 | D:2      | Reached XP level 3. HP: 29/29 MP: 3/3
  1490 | D:2      | Succumbed to a goblin's poison

Illustrated notes

Levels and vault maps discovered:
D:1:      psy_arrival_conway, layout_basic, serial_shops, shop
D:2:      minmay_chambers_of_twos, layout_basic, minmay_unequal, uniq_robin

Skill      XL: |  1  2 |
---------------+-------+-----
Maces & Flails | 2 |  2.7
Armour         | 3 |  3.4
Fighting       | |  3.4
Shields        | |  2.6

Action                     || total
---------------------------++-------
  Melee: Flail             ||   131
    Use: Scroll            ||     3
         Potion            ||     1
 Armour: Scale mail        ||    77
  Dodge: Dodged            ||    65
  Block: Buckler           ||    31

Table legend: (Time is in decaauts)
 A = Elapsed time spent in this place.
 B = Non-inter-level travel time spent in this place.
 C = Inter-level travel time spent in this place.
 D = Time resting spent in this place.
 E = Time spent auto-exploring this place.
 F = Levels seen in this place.
 G = Mean time per level.
                   A        B        C        D        E       F      G
               +--------+--------+--------+--------+--------+-----+--------+
         Total |   1535 |   1370 |    165 |    110 |    860 |   2 |  767.5 |
       Dungeon |   1535 |   1370 |    165 |    110 |    860 |   2 |  767.5 |
               +--------+--------+--------+--------+--------+-----+--------+

Top non-repeatable levels by time:
     D:1: 1042 daAuts
     D:2: 493 daAuts
